 Dungeon Crawl Stone Soup version 0.21.1-1-g345015fe64 (webtiles) character file.

261 Oravi the Insei (level 6, -1/46 HPs)
             Began as a Merfolk Transmuter on May 15, 2018.
             Was a Believer of Uskayaw.
             Slain by Edmund
             ... wielding a +6 flail of protection
              (5 damage)
             ... on level 3 of the Dungeon.
             The game lasted 00:08:23 (3257 turns).

Oravi the Insei (Merfolk Transmuter)                Turns: 3257, Time: 00:08:23

Health: -1/46      AC:  2    Str: 10    XL:     6   Next: 18%
Magic:  5/9        EV: 23    Int: 15    God:    Uskayaw [**....]
Gold:   177        SH:  3    Dex: 19    Spells: 3/9 levels left

rFire    . . .     SeeInvis .     - Unarmed
rCold    . . .     Gourm    .   (shield currently unavailable)
rNeg     . . .     Faith    .   (armour currently unavailable)
rPois    x         Spirit   .   (helmet currently unavailable)
rElec    .         Reflect  +   (cloak currently unavailable)
rCorr    .         Harm     .   (gloves currently unavailable)
MR       .....                  (boots currently unavailable)
Stlth    ++........             l - +3 amulet of reflection
HPRegen  0.15/turn              e - ring of wizardry
MPRegen  0.11/turn              (no ring)

@: spider-form (expiring)
A: tiny, (change form in water), (swift swim), (stealthy swim)
a: End Transformation, Stomp, Line Pass, Renounce Religion


You were on level 3 of the Dungeon.
You worshipped Uskayaw.
Uskayaw was noncommittal.
You were not hungry.
You were a venomous arachnid creature.
You visited 1 branch of the dungeon, and saw 4 of its levels.

You collected 177 gold pieces.

Inventory:

Missiles
 a - 33 arrows
Armour
 b - a +0 robe (melded)
 u - a +0 buckler
 v - a +0 cloak (melded)
 w - a +0 helmet (melded)
Jewellery
 e - a ring of wizardry (left front leg)
 l - a +3 amulet of reflection (around neck)
 r - an uncursed amulet of magic regeneration {unknown}
 A - an uncursed ring of positive energy {unknown}
Scrolls
 g - 5 scrolls of amnesia {unknown}
 h - 7 scrolls of remove curse {unknown}
 k - 2 scrolls of magic mapping {unknown}
 o - 5 scrolls of identify {unknown}
 p - a scroll of immolation {unknown}
 s - a scroll of random uselessness {unknown}
 y - a scroll of teleportation {unknown}
 C - a scroll of noise {unknown}
Potions
 i - 2 potions of mutation {unknown}
 j - a potion of magic {unknown}
 m - 2 potions of lignification {unknown}
 n - a potion of haste {unknown}
 q - a potion of invisibility {unknown}
 t - 2 potions of heal wounds {unknown}
 x - a potion of cancellation {unknown}
 z - a potion of flight {unknown}
 B - a potion of curing {unknown}
Books
 c - a book of Changes

   Spells                             Type                      Level
   a - Beastly Appendage              Transmutation                1
   b - Sticks to Snakes               Transmutation                2
   c - Spider Form                    Transmutation/Poison         3
   d - Ice Form                       Ice/Transmutation            4
   e - Blade Hands                    Transmutation                5
Comestibles
 d - 7 rations
 f - 3 chunks of flesh


   Skills:
 + Level 2.9 Fighting
 + Level 4.3 Dodging
 * Level 5.7 Unarmed Combat
 - Level 2.0 Spellcasting
 - Level 3.7 Transmutations


You had 3 spell levels left.
You knew the following spells:

 Your Spells              Type           Power        Failure   Level  Hunger
a - Spider Form           Tmut/Pois      #.........   24%         3    ###....
b - Sticks to Snakes      Tmut           ##......     9%          2    ###....
c - Beastly Appendage     Tmut           ##....       6%          1    #......


Dungeon Overview and Level Annotations

Branches:
Dungeon (4/15)             Temple (0/1) D:4

Altars:
Uskayaw

Annotations:
D:3 Edmund
D:4 Gitz's ghost, amateur HuWz


Message History

* * * LOW HITPOINT WARNING * * *
Uskayaw will force your foes to helplessly watch your dance.
Uskayaw prepares the audience for your solo!
The helpless Edmund fails to defend himself.
You hit Edmund but do no damage.
Edmund is severely wounded.
The helpless Edmund fails to defend himself.
You hit Edmund but do no damage.
Edmund looks as sick as possible!
Edmund is severely wounded.
Edmund is no longer paralysed.
The orc is no longer paralysed.
Edmund misses you.
You hit Edmund but do no damage.
Edmund looks as sick as possible!
Edmund is severely wounded.
You hit Edmund but do no damage.
Edmund looks as sick as possible!
Edmund is almost dead.
Edmund closely misses you.
You hit Edmund but do no damage.
Edmund looks as sick as possible!
Edmund is almost dead.
Edmund hits you with a flail of protection.
You die...

# #
##################
..............o@s#
#.##########.#####
#.# #.# #.# #.#
#.# #.# #.# #.#
#.# #.#
#.##########.#
.......))....#


You could see Edmund and an orc.

Vanquished Creatures
  A hound (D:4)
  An orc priest (D:4)
  An orc wizard (D:3)
  4 adders
  4 gnolls (D:2)
  A worm (D:2)
  2 dart slugs
  7 leopard geckos
  8 orcs
  2 giant cockroaches
  10 goblins
  7 hobgoblins
  4 jackals (D:3)
  A quokka (D:3)
  2 ball pythons
  11 bats
  6 frilled lizards
  8 kobolds
  8 rats
88 creatures vanquished.

Notes
Turn   | Place    | Note
-------+----------+-------------------------------------------
     0 | D:1      | Oravi the Merfolk Transmuter began the quest for the Orb.
     0 | D:1      | Reached XP level 1. HP: 15/15 MP: 3/3
   198 | D:1      | Reached XP level 2. HP: 15/21 MP: 3/5
   487 | D:1      | Reached XP level 3. HP: 20/26 MP: 4/6
   491 | D:1      | Learned a level 2 spell: Sticks to Snakes
   495 | D:1      | Learned a level 3 spell: Spider Form
   752 | D:1      | Reached skill level 4 in Unarmed Combat
  1397 | D:2      | Found a hide-covered altar of Uskayaw.
  1457 | D:2      | Became a worshipper of Uskayaw the Reveler
  1476 | D:2      | Reached XP level 4. HP: 32/32 MP: 3/7
  1476 | D:2      | Reached * piety under Uskayaw
  1601 | D:2      | Reached ** piety under Uskayaw
  1606 | D:2      | Reached *** piety under Uskayaw
  1609 | D:2      | Reached **** piety under Uskayaw
  2331 | D:3      | Reached XP level 5. HP: 38/38 MP: 2/8
  2383 | D:3      | Reached skill level 5 in Unarmed Combat
  2979 | D:4      | Found a staircase to the Ecumenical Temple.
  3090 | D:4      | Reached XP level 6. HP: 41/46 MP: 3/9
  3124 | D:4      | Noticed Gitz's ghost (amateur HuWz)
  3230 | D:4      | Noticed Edmund
  3257 | D:3      | Slain by Edmund

Skill      XL: |  1  2  3  4  5 |
---------------+----------------+-----
Transmutations | 3 |  3.7
Unarmed Combat | 4 5 |  5.7
Dodging        | 3 4 |  4.3
Fighting       | 2 |  2.9
Spellcasting   | |  2.0

Action                   |  1- 3 |  4- 6 || total
-------------------------+-------+-------++-------
Melee: Unarmed           |   106 |   116 ||   222
       Headbutt          |    10 |       ||    10
 Cast: Beastly Appendage |     8 |       ||     8
       Spider Form       |    11 |    26 ||    37
       Sticks to Snakes  |       |     3 ||     3
 Stab: Sleeping          |     2 |     2 ||     4
       Paralysed         |       |     4 ||     4
  Eat: Chunk             |     4 |     9 ||    13
Armor: Robe              |     9 |     8 ||    17
       Skin              |     2 |     5 ||     7
Dodge: Dodged            |   100 |   111 ||   211
Block: Other             |     9 |    10 ||    19
